 Dungeon Crawl Stone Soup version 0.32-a0-17-gb74e046682 (webtiles) character file.

Game seed: 4065276949687323040

13418 Newt the Impaler (level 12, -2/82 HPs)
             Began as a Merfolk Gladiator on Jan 15, 2024.
             Was a Priest of Hepliaklqana.
             Slain by an orc knight
             ... wielding a +1 heavy long sword
              (18 damage)
             ... on level 1 of the Orcish Mines.
             The game lasted 00:10:41 (9298 turns).

Newt the Impaler (Merfolk Gladiator)                Turns: 9298, Time: 00:10:42

Health: -2/82      AC:  6    Str: 24    XL:     12   Next: 5%
Magic:  17/17      EV: 16    Int:  6    God:    Hepliaklqana [***...]
Gold:   585        SH: 15    Dex: 22    Spells: 11/11 levels left

rFire   + . .        u - +4 trident (protect)
rCold   . . .        D - +4 kite shield "Poneyhif" {Will+++}
rNeg    . . .        n - +1 leather armour {rF+}
rPois   .            c - +0 helmet
rElec   .            (no cloak)
rCorr   .            (no gloves)
SInv    .            l - +0 pair of boots
Will    +++..        (no amulet)
Stlth   ++++         i - +4 ring of slaying
HPRegen 0.33/turn    f - +6 ring of strength
MPRegen 0.15/turn

%: no passive effects
@: hasted, very quick
A: reduced essence, (nimble swimmer 2), mertail, thin skeletal structure 1,
agile 1
a: Renounce Religion, Recall Ancestor, Ancestor Identity, Transference


You were on level 1 of the Orcish Mines.
You worshipped Hepliaklqana.
Hepliaklqana was most pleased with you.
You visited 3 branches of the dungeon, and saw 13 of its levels.

You collected 585 gold pieces.

Inventory:

Hand Weapons
 a - a +1 heavy trident
 u - a +4 trident of protection (weapon)
 z - the +4 halberd "Kiruadidd" {drain, rElec rF- Str+3 Dex+2}
   (You found it on level 7 of the Dungeon)

   Str+3:     It affects your strength (+3).
   Dex+2:     It affects your dexterity (+2).
   rF-:       It makes you vulnerable to fire.
   rElec:     It insulates you from electricity.
Missiles
 d - 4 throwing nets (quivered)
 e - a javelin
Armour
 b - a +0 leather armour
 c - a +0 helmet (worn)
 l - a +0 pair of boots (worn)
 n - a +1 leather armour of fire resistance (worn)
 y - a +2 ring mail of cold resistance
 D - the +4 kite shield "Poneyhif" (worn) {Will+++}
   (You took it off a wight on level 8 of the Dungeon)

   Will+++:   It greatly increases your willpower.
Jewellery
 f - a +6 ring of strength (right hand)
 i - a +4 ring of slaying (left hand)
 v - a ring of wizardry
 A - a ring of see invisible
 F - a ring of protection from fire
Wands
 k - a wand of flame (6)
 x - a wand of mindburst (15)
 B - a wand of charming (17)
 H - a wand of roots (7)
Scrolls
 q - 3 scrolls of revelation
 s - 4 scrolls of teleportation
 C - a scroll of immolation
 I - a scroll of brand weapon
 J - a scroll of fog
Potions
 g - 3 potions of degeneration
 h - 6 potions of curing
 j - 2 potions of lignification
 m - 2 potions of attraction
 o - a potion of berserk rage
 p - a potion of mutation
 r - a potion of haste
 t - 2 potions of brilliance
 w - a potion of ambrosia
 E - a potion of magic
 G - a potion of enlightenment


   Skills:
 - Level 8.0 Fighting
 - Level 15.0 Polearms
 - Level 2.0 Throwing
 - Level 7.0 Dodging
 - Level 5.0 Stealth
 - Level 6.0 Shields
 + Level 7.8 Invocations
 - Level 8.0 Evocations


You had 11 spell levels left.
You didn't know any spells.
Your spell library contained the following spells:

 Spells                   Type           Power      Damage    Failure   Level
 Apportation              Tloc           0%         N/A       75%         1
 Freeze                   Ice            0%         1d3       75%         1
 Necrotise                Necr           0%         1d4       75%         1
 Sandblast                Erth           0%         2d4       75%         1
 Sting                    Conj/Alch      0%         1d3       75%         1
 Summon Small Mammal      Summ           0%         N/A       75%         1
 Lesser Beckoning         Tloc           0%         N/A       86%         2
 Dazzling Flash           Conj/Hex       0%         N/A       98%         3
 Frozen Ramparts          Ice            0%         1d1       98%         3
 Gell's Gravitas          Tloc           0%         N/A       98%         3
 Hailstorm                Conj/Ice       0%         3d5       98%         3
 Passwall                 Erth           0%         N/A       98%         3
 Stone Arrow              Conj/Erth      0%         3d7       98%         3
 Teleport Other           Tloc           0%         N/A       98%         3
 Tukima's Dance           Hex            0%         N/A       98%         3
 Volatile Blastmotes      Fire/Tloc      0%         2d10      98%         3
 Anguish                  Hex/Necr       0%         N/A       100%        4
 Animate Armour           Summ/Erth      0%         N/A       100%        4
 Brom's Barrelling Bould  Conj/Erth      0%         2d3       100%        4
 Cause Fear               Hex            0%         N/A       100%        4
 Dimensional Bullseye     Hex/Tloc       0%         N/A       100%        4
 Iskenderun's Mystic Bla  Conj/Tloc      0%         2d3       100%        4
 Summon Lightning Spire   Summ/Air       0%         N/A       100%        4
 Fireball                 Conj/Fire      0%         3d3       100%        5
 Iskenderun's Battlesphe  Conj           0%         2d6       100%        5
 Lee's Rapid Deconstruct  Erth           0%         3d4*      100%        5
 Conjure Ball Lightning   Conj/Air       0%         3x3d6     100%        6
 Starburst                Conj/Fire      0%         6d3       100%        6
 Enfeeble                 Hex            0%         N/A       100%        7
 Orb of Destruction       Conj           0%         9d5       100%        7
 Maxwell's Capacitive Co  Air            0%         ∞         100%        8


Dungeon Overview and Level Annotations

Branches:
Dungeon (11/15)            Temple (1/1) D:6            Lair (0/5) D:11
    Orc (1/2) D:11

Altars:
Ashenzari
Cheibriados
Dithmenos
Elyvilon
Fedhas
Gozag
Hepliaklqana
Kikubaaqudgha
Makhleb
Nemelex Xobeh
Okawaru
Qazlal
Ru
Sif Muna
Trog
Uskayaw
Vehumet
Wu Jian
Xom
Yredelemnul
Zin
The Shining One

Shops:
D:3 =

Annotations:
D:4 2 transporters


Innate Abilities, Weirdness & Mutations

Your life essence is reduced to manifest your ancestor. (-10% HP)
((You are very nimble when in or above water. (Stealth+, EV+, Speed+++)))
Your lower body shifts to a powerful aquatic tail in water.
You have a somewhat thin skeletal structure. (Dex +2, Stealth+)
You are agile. (Dex +4, Str/Int -1)


Message History

The orc knight hits Iltani with a +1 heavy long sword!
You reach to attack!
You hit the kobold blastminer.
The kobold blastminer is moderately wounded.
Iltani hits the orc knight with a +0 flail.
You block the orc warrior's attack.
A kobold blastminer comes into view.
You hit the orc warrior but do no damage.
The kobold blastminer's cannon shakes and flares with a red glow.
The kobold blastminer shoots a bolt.
The bolt hits you but does no damage.
Unknown command.
You closely miss the orc warrior.
Iltani blocks the orc warrior's attack.
You block the orc warrior's attack. The orc warrior closely misses you.
The orc knight hits Iltani with a +1 heavy long sword!!
Iltani is destroyed!
Unknown command.
You hit the orc warrior.
The orc warrior is lightly wounded.
The kobold blastminer blasts its cannon at you.
The iron shot hits you!!
The kobold blastminer is knocked back by the blast.
The orc warrior hits you from afar with a +0 halberd!
Unknown command.
You block the orc warrior's attack.
The orc warrior attacks as it pursues you!
You block the orc warrior's attack.
You see here a gold piece.
The orc warrior attacks as it pursues you!
You block the orc warrior's attack.
The orc warrior attacks as it pursues you!
You block the orc warrior's attack.
The orc warrior attacks as it pursues you!
You block the orc warrior's attack.
The orc warrior attacks as it pursues you!
The orc warrior hits you from afar with a +0 halberd!
* * * LOW HITPOINT WARNING * * *
Okay, then.
Okay, then.
You feel yourself speed up.
The orc knight hits you with a +1 heavy long sword!!
You die...

....# .###. ....# #....
...# ..... ..##
....#####..#
.....#....#
#.......########
##...o..#@......##
#...K.Koo...#....
#.....)#...o..##...###
#...K.###.....# #..<.#
#..... ####..####....#
#....###.....###.....#
#..#...........#.....#
#...#......##.......###
... #...... #.....###


You could see an orc knight, 2 kobold blastminers and 2 orc warriors.

Vanquished Creatures
  A two-headed ogre (D:10)
  2 boulder beetles (D:11)
  An elephant (D:11)
  An unseen horror (D:10)
  A kobold demonologist (D:10)
  2 trolls
  A hornet (D:7)
  Sigmund (D:5)
  A wraith (D:9)
  17 yaks
  A wyvern (D:8)
  A steam dragon (D:7)
  2 sky beasts (D:6)
  8 orc warriors
  An ice beast (D:8)
  An ogre (D:6)
  3 black bears
  2 centaurs
  A kobold brigand (D:9)
  4 phantoms
  3 bullfrogs
  A gnoll sergeant (D:5)
  2 scorpions
  10 wights
  10 killer bees
  3 howler monkeys (D:9)
  A bombardier beetle (D:5)
  A hound (D:6)
  14 orc priests
  2 jellies
  2 sleepcaps
  6 iguanas
  13 orc wizards
  8 gnolls
  5 adders
  A shadow imp (D:5)
  3 white imps
  2 ufetubi (D:6)
  A dart slug (D:2)
  A ribbon worm (D:2)
  61 orcs
  7 ball pythons
  5 bats
  7 endoplasms
  5 giant cockroaches
  2 goblins (D:4)
  5 hobgoblins
  A frilled lizard (D:3)
  7 kobolds
  2 rats (D:3)
243 creatures vanquished.

Vanquished Creatures (collateral kills)
  A two-headed ogre (D:11)
  A manticore (D:11)
  5 yaks
  A steam dragon (D:8)
  2 vampire mosquitoes (D:11)
  A black bear (D:11)
  2 centaurs (D:11)
  A bullfrog (D:9)
  A wight (D:8)
  An electric eel (D:11)
  An orc wizard (D:11)
  4 orcs
  A kobold (D:9)
22 creatures vanquished.

Vanquished Creatures (others)
  An ancestor (D:8)
  2 knights
3 creatures vanquished.

Grand Total: 268 creatures vanquished

Notes
Turn   | Place    | Note
-------+----------+-------------------------------------------
     0 | D:1      | Newt the Merfolk Gladiator began the quest for the Orb.
     0 | D:1      | Reached XP level 1. HP: 16/16 MP: 1/1
    90 | D:1      | Reached XP level 2. HP: 24/24 MP: 2/2
   864 | D:2      | Reached XP level 3. HP: 21/30 MP: 3/3
  1820 | D:3      | Found a stormy altar of Qazlal.
  1979 | D:3      | Reached XP level 4. HP: 21/38 MP: 4/4
  1982 | D:3      | Reached skill level 5 in Fighting
  2347 | D:3      | Reached skill level 5 in Polearms
  2347 | D:3      | Reached XP level 5. HP: 44/44 MP: 5/5
  2355 | D:3      | Reached skill level 6 in Polearms
  2408 | D:3      | Noticed a phantom
  2416 | D:3      | Killed a phantom
  2417 | D:3      | Reached skill level 7 in Polearms
  2417 | D:3      | Reached XP level 6. HP: 49/51 MP: 6/6
  2491 | D:3      | Found Faun's Jewellery Shoppe.
  2575 | D:4      | Found a transporter.
  2666 | D:4      | Found a transporter.
  2936 | D:5      | Entered Level 5 of the Dungeon
  2973 | D:5      | Noticed Sigmund
  2989 | D:5      | Killed Sigmund
  2990 | D:5      | Reached skill level 8 in Polearms
  2990 | D:5      | Reached skill level 5 in Dodging
  2990 | D:5      | Reached XP level 7. HP: 23/56 MP: 7/7
  3272 | D:5      | Gained mutation: Your health recovers twice as slowly from
                  | being drained. [potion of mutation]
  3272 | D:5      | Gained mutation: You are agile. (Dex +4, Str/Int -1)
                  | [potion of mutation]
  3272 | D:5      | Gained mutation: You sometimes lose your temper in combat.
                  | [potion of mutation]
  3272 | D:5      | Gained mutation: You are very agile. (Dex +8, Str/Int -2)
                  | [potion of mutation]
  3323 | D:5      | Lost mutation: You are very agile. (Dex +8, Str/Int -2)
                  | [potion of mutation]
  3323 | D:5      | Lost mutation: Your health recovers twice as slowly from
                  | being drained. [potion of mutation]
  3323 | D:5      | Lost mutation: You sometimes lose your temper in combat.
                  | [potion of mutation]
  3323 | D:5      | Gained mutation: You have a somewhat thin skeletal
                  | structure. (Dex +2, Stealth+) [potion of mutation]
  3420 | D:5      | Reached skill level 9 in Polearms
  3420 | D:5      | Reached XP level 8. HP: 62/62 MP: 8/8
  3533 | D:5      | Reached skill level 10 in Polearms
  4108 | D:6      | Reached skill level 11 in Polearms
  4159 | D:6      | Identified the +1 dagger of Etaob {drain, rPois rCorr MP+9
                  | Str+5}
  4249 | D:6      | Found an ornate altar of the Wu Jian Council.
  4263 | D:6      | Reached skill level 12 in Polearms
  4263 | D:6      | Reached skill level 1 in Stealth
  4272 | D:6      | Reached XP level 9. HP: 43/68 MP: 9/9
  4378 | D:6      | Found a shimmering altar of Xom.
  4406 | D:6      | Found a bloodstained altar of Trog.
  4412 | D:6      | Reached skill level 5 in Stealth
  4562 | D:6      | Identified the +6 quarterstaff of the Extremes {vamp,
                  | ^Fragile rElec rC+}
  4613 | D:6      | Found a staircase to the Ecumenical Temple.
  4747 | D:6      | Found a glowing silver altar of Zin.
  4792 | Temple   | Entered the Ecumenical Temple
  4803 | Temple   | Became a worshipper of Hepliaklqana the Forgotten
  5189 | D:7      | Identified the +4 halberd "Kiruadidd" {drain, rElec rF-
                  | Str+3 Dex+2}
  5231 | D:7      | Reached skill level 1 in Evocations
  5349 | D:7      | Reached * piety under Hepliaklqana
  5446 | D:7      | Noticed a hornet
  5447 | D:7      | Killed a hornet
  5850 | D:8      | Reached skill level 5 in Evocations
  5850 | D:8      | Reached XP level 10. HP: 52/72 MP: 10/10
  6197 | D:8      | Identified the +4 kite shield "Poneyhif" {Will+++}
  6653 | D:9      | Reached skill level 1 in Shields
  6698 | D:9      | Reached ** piety under Hepliaklqana
  6699 | D:9      | Remembered your ancestor Iltani as a knight
  7182 | D:9      | Reached skill level 5 in Shields
  7284 | D:10     | Entered Level 10 of the Dungeon
  7337 | D:10     | Noticed a kobold demonologist
  7343 | D:10     | Killed a kobold demonologist
  7344 | D:10     | Reached XP level 11. HP: 77/77 MP: 11/11
  7623 | D:10     | Noticed a two-headed ogre
  7633 | D:10     | Killed a two-headed ogre
  7634 | D:10     | Reached skill level 13 in Polearms
  7725 | D:10     | Reached skill level 14 in Polearms
  7999 | D:10     | Reached *** piety under Hepliaklqana
  8452 | D:11     | Noticed a boulder beetle
  8496 | D:11     | Killed a boulder beetle
  8497 | D:11     | Reached skill level 15 in Polearms
  8497 | D:11     | Reached skill level 1 in Invocations
  8542 | D:11     | Found a staircase to the Lair.
  8549 | D:11     | Noticed a boulder beetle
  8581 | D:11     | Killed a boulder beetle
  8830 | D:11     | Noticed a manticore
  8841 | D:11     | Reached skill level 5 in Invocations
  8845 | D:11     | Killed a manticore
  9057 | D:11     | Noticed a two-headed ogre
  9065 | D:11     | Killed a two-headed ogre
  9092 | D:11     | Reached XP level 12. HP: 70/82 MP: 17/17
  9223 | D:11     | Found a staircase to the Orcish Mines.
  9258 | Orc:1    | Entered Level 1 of the Orcish Mines
  9298 | Orc:1    | Slain by an orc knight

Illustrated notes

Levels and vault maps discovered:
D:1:      dpeg_arrival_oval, layout_loops_ring
D:2:      layout_basic
D:3:      layout_loops_cross, nicolae_qazlal_general_emergency, serial_shops,
          nicolae_shop_behind_doors
D:4:      gammafunk_wand_slinger, layout_cave_pools, serial_bayou_pond_c
D:5:      layout_rooms, chequers_mini_garden, minmay_misc_feat_enclosed,
          eino_tiny_chamber, interstate_on_off, dk_noncrumbling_3,
          kennysheep_small_square, uniq_sigmund
D:6:      layout_basic, nicolae_overflow_quartered_altars,
          minmay_temple_entry_nine_rooms, kennysheep_generic_room_5
D:7:      layout_gridville
D:8:      layout_basic, minmay_fountain_box
D:9:      layout_basic
D:10:     layout_grid_maze, minmay_misc_feat_diagonals, minmay_chambers_of_fives
D:11:     layout_roguey, david_lair_generic, hiddenorc2_lemuel,
          serial_bayou_pond_b
Temple:   bh_familiar_temple
Orc:1:    dreamdust_dug_too_deep, layout_diamond_mine, serial_shops, shop,
          bh_open_orc_temple, uniq_fannar

Skill      XL: |  1  2  3  4  5  6  7  8  9 10 11 |
---------------+----------------------------------+-----
Fighting       | 3 4 5 8 |  8.0
Polearms       | 5 7 8 9 12 15 | 15.0
Dodging        | 5 7 |  7.0
Stealth        | 4 5 |  5.0
Evocations     | 5 8 |  8.0
Shields        | 6 |  6.0
Invocations    | 7 |  7.8
Throwing       | |  2.0

Action                     |  1- 3 |  4- 6 |  7- 9 | 10-12 || total
---------------------------+-------+-------+-------+-------++-------
  Melee: Trident           |    77 |    47 |   205 |   291 ||   620
         Punch             |       |       |     3 |       ||     3
         Halberd           |       |       |    16 |    53 ||    69
 Invoke: Ancestor Life: Kn |       |       |       |     1 ||     1
    Use: Scroll            |     7 |     2 |     7 |     6 ||    22
         Potion            |       |       |     3 |     1 ||     4
   Stab: Sleeping          |       |     1 |     8 |    19 ||    28
         Distracted        |       |       |       |     3 ||     3
 Armour: Leather armour    |    33 |    21 |    54 |    82 ||   190
  Dodge: Dodged            |    39 |    21 |   101 |    81 ||   242
  Block: Kite shield       |       |       |       |   128 ||   128

Table legend: (Time is in decaauts)
 A = Elapsed time spent in this place.
 B = Non-inter-level travel time spent in this place.
 C = Inter-level travel time spent in this place.
 D = Time resting spent in this place.
 E = Time spent auto-exploring this place.
 F = Levels seen in this place.
 G = Mean time per level.
                   A        B        C        D        E       F      G
               +--------+--------+--------+--------+--------+-----+--------+
         Total |   9233 |   8765 |    468 |    422 |   6980 |  13 |  710.2 |
       Dungeon |   9174 |   8727 |    447 |    422 |   6960 |  11 |  834.0 |
        Temple |     21 |      1 |     20 |      0 |      0 |   1 |   21.0 |
  Orcish Mines |     37 |     37 |      0 |      0 |     20 |   1 |   37.0 |
               +--------+--------+--------+--------+--------+-----+--------+

Top non-repeatable levels by time:
    D:10: 1135 daAuts
     D:6: 1078 daAuts
     D:2: 1066 daAuts
     D:5: 854 daAuts
     D:8: 851 daAuts
     D:7: 843 daAuts
    D:11: 767 daAuts
     D:1: 748 daAuts
     D:3: 748 daAuts
     D:9: 660 daAuts
     D:4: 419 daAuts
   Orc:1: 37 daAuts
  Temple: 21 daAuts
